 Dungeon Crawl Stone Soup version 0.30-a0-12-gd8047c6341 (webtiles) character file.

Game seed: 12161517796096619349

65 nickcage the Cudgeller (level 3, -5/31 HPs)
             Began as a Minotaur Abyssal Knight on Aug 23, 2022.
             Was a Priest of Lugonu.
             Killed by nerve-wracking pain
             ... invoked by an orc priest
              (9 damage)
             ... on level 3 of the Dungeon.
             The game lasted 00:02:55 (1846 turns).

nickcage the Cudgeller (Minotaur Abyssal Knight)    Turns: 1846, Time: 00:02:56

Health: -5/31      AC:  6    Str: 19    XL:     3   Next: 94%
Magic:  3/3        EV:  9    Int:  7    God:    Lugonu [***...]
Gold:   64         SH:  3    Dex: 10    Spells: 2/2 levels left

rFire   . . .      SeeInvis .    a - +1 mace
rCold   . . .      Faith    .    j - +0 buckler
rNeg    . . .      Spirit   .    l - +0 scale mail
rPois   .          Reflect  .    (helmet restricted)
rElec   .          Harm     .    (no cloak)
rCorr   .          Rampage  .    (no gloves)
Will    .....                    (no boots)
Stlth   ..........               (no amulet)
HPRegen 0.10/turn                (no ring)
MPRegen 0.08/turn                (no ring)

@: no status effects
A: horns 2, retaliatory headbutt
a: Renounce Religion, Depart the Abyss, Bend Space, Banish


You were on level 3 of the Dungeon.
You worshipped Lugonu.
Lugonu was most pleased with you.
You visited 1 branch of the dungeon, and saw 3 of its levels.
You visited the Abyss 1 time.

You collected 64 gold pieces.

Inventory:

Hand Weapons
 a - a +1 mace (weapon)
Missiles
 c - 2 poisoned darts (quivered)
Armour
 b - a +0 leather armour
 j - a +0 buckler (worn)
 l - a +0 scale mail (worn)
Scrolls
 e - a scroll of poison {unknown}
 f - a scroll of butterflies {unknown}
 g - 2 scrolls of amnesia {unknown}
 h - a scroll of identify {unknown}
 i - a scroll of magic mapping {unknown}
 k - a scroll of torment {unknown}
Potions
 d - a potion of brilliance {unknown}
 m - 2 potions of berserk rage {unknown}
 n - a potion of curing {unknown}
 o - a potion of cancellation {unknown}


   Skills:
 - Level 3.6 Fighting
 + Level 5.2 Maces & Flails
 - Level 2.4 Armour
 - Level 1.1 Dodging
 - Level 1.7 Invocations


You had 2 spell levels left.
You didn't know any spells.
Your spell library was empty.

Dungeon Overview and Level Annotations

Branches:
Dungeon (3/15)

Altars:


Innate Abilities, Weirdness & Mutations

You have a pair of horns on your head.
You reflexively headbutt those who attack you in melee.


Message History

You kill the orc!
Lugonu accepts your kill. The orc barely misses you. You furiously retaliate!
You headbutt the orc.
You kill the orc!
Lugonu accepts your kill.
You hit the orc.
The orc is severely wounded.
The orc hits you but does no damage.
You hit the orc.
You kill the orc!
Lugonu accepts your kill.
Things that are here:
a +0 short sword; an orc corpse
There is a stone staircase leading down here.
You climb downwards.
There is a stone staircase leading up here.
The orc priest calls down the wrath of Beogh upon you.
Beogh smites you!
The orc priest invokes the aid of Beogh against you.
Beogh smites you!
* * * LOW HITPOINT WARNING * * *
You sock the orc priest!
The orc priest is severely wounded.
The orc priest hits you with a +0 short sword.
* * * LOW HITPOINT WARNING * * *
You barely miss the orc priest. Your headbutt misses the orc priest.
The orc priest is severely wounded.
The orc priest closely misses you. x2
You hit the orc priest. Your headbutt misses the orc priest.
The orc priest is severely wounded.
The orc priest hits you but does no damage.
You completely miss the orc priest.
The orc priest is severely wounded.
The orc priest hits you but does no damage.
You hit the orc priest but do no damage.
You headbutt the orc priest.
The orc priest is almost dead.
The orc priest invokes the aid of Beogh against you.
Pain shoots through your body!
You die...

...#####.$....
#.##.....##.## #
..#..<.#..#..#.#
..#.......#.[..#
....#._.<.#....#
.#..)....#..#.#
..#..<.#..#...>.
#.##.....##.....
#..#####@.......
........o..#....
#.##.....#####+#
#........#
##......#
#......#
#......#
#......#


You could see an orc priest.

Vanquished Creatures
  An adder (D:2)
  2 dart slugs (D:1)
  3 orcs (D:2)
  9 bats
  4 endoplasms
  2 giant cockroaches
  6 goblins
  4 hobgoblins
  2 jackals (D:1)
  2 quokkas
  3 ball pythons
  A frilled lizard (D:2)
  2 kobolds
  3 rats
44 creatures vanquished.

Vanquished Creatures (others)
  A plant (D:2)
1 creature vanquished.

Grand Total: 45 creatures vanquished

Notes
Turn   | Place    | Note
-------+----------+-------------------------------------------
     0 | Abyss:1  | nickcage the Minotaur Abyssal Knight began the quest for
                  | the Orb.
     0 | Abyss:1  | Reached XP level 1. HP: 19/19 MP: 1/1
     1 | D:1      | Escaped the Abyss
   141 | D:1      | Reached skill level 3 in Maces & Flails
   164 | D:1      | Reached XP level 2. HP: 26/26 MP: 2/2
   346 | D:1      | Reached skill level 4 in Maces & Flails
   850 | D:2      | Reached XP level 3. HP: 17/31 MP: 3/3
  1317 | D:2      | Reached *** piety under Lugonu
  1379 | D:2      | Reached skill level 5 in Maces & Flails
  1828 | D:3      | Found a faded altar of an unknown god.
  1846 | D:3      | Killed from afar by an orc priest

Illustrated notes

Levels and vault maps discovered:
D:1:      spicycebolla_green_bress_n_ham, layout_basic
D:2:      cheibrodos_old_hovel, layout_rooms, grunt_ministairs_6
D:3:      minmay_chambers_of_threes, layout_basic, nicolae_ecumenical_pavilion,
          corexii_hall_statues_x

Skill      XL: |  1  2  3 |
---------------+----------+-----
Maces & Flails | 3 4 5 |  5.2
Fighting       | |  3.6
Armour         | |  2.4
Dodging        | |  1.1
Invocations    | |  1.7

Action                   || total
-------------------------++-------
Melee: Mace              ||    99
       Headbutt          ||    13
       Punch             ||     1
Armor: Leather armour    ||    25
       Scale mail        ||    23
Dodge: Dodged            ||    65
Block: Buckler           ||     9

Table legend: (Time is in decaauts)
 A = Elapsed time spent in this place.
 B = Non-inter-level travel time spent in this place.
 C = Inter-level travel time spent in this place.
 D = Time resting spent in this place.
 E = Time spent auto-exploring this place.
 F = Levels seen in this place.
 G = Mean time per level.
                   A        B        C        D        E       F      G
               +--------+--------+--------+--------+--------+-----+--------+
         Total |   1867 |   1822 |     45 |      0 |   1534 |   4 |  466.8 |
       Dungeon |   1866 |   1821 |     45 |      0 |   1534 |   3 |  622.0 |
         Abyss |      1 |      1 |      0 |      0 |      0 |   1 |    1.0 |
               +--------+--------+--------+--------+--------+-----+--------+

Top non-repeatable levels by time:
     D:2: 1018 daAuts
     D:1: 836 daAuts
     D:3: 12 daAuts
 Abyss:1: 1 daAuts
